 Dungeon Sprint DCSS version 0.22.1-1-ga44c0e56f4 (webtiles) character file.

6197 MuseOD the Severer (level 10, 0/148 HPs)
             Began as a Hill Orc Fighter on Oct 4, 2018.
             Was an Elder of Beogh.
             Slain by Edmund
             ... wielding a +1 great mace of freezing
              (5 damage)
             ... in the Dungeon (Sprint III: "The Ten Rune Challenge").
             The game lasted 00:05:20 (2348 turns).

MuseOD the Severer (Hill Orc Fighter)               Turns: 2348, Time: 00:05:20

Health: 0/148      AC:  9    Str: 25    XL:     10   Next: 91%
Magic:  10/10      EV: 10    Int:  8    God:    Beogh [****..]
Gold:   56         SH: 13    Dex: 13    Spells: 9/9 levels left

rFire    . . .     SeeInvis .   a - +0 war axe
rCold    . . .     Gourm    .   c - +0 shield
rNeg     . . .     Faith    .   b - +0 scale mail
rPois    .         Spirit   .   (no helmet)
rElec    .         Reflect  .   (no cloak)
rCorr    .         Harm     .   (no gloves)
MR       .....     NoTele   +   (no boots)
Stlth    ..........             (no amulet)
HPRegen  0.34/turn              (no ring)
MPRegen  0.12/turn              (no ring)

@: berserking, lethally poisoned (0 -> -2), hasted and slowed
A: no striking features
a: Smiting, Recall Orcish Followers, Renounce Religion


You were in the Dungeon.
You worshipped Beogh.
Beogh was greatly pleased with you.
You were hungry.

You visited 1 branch You collected 56 gold pieces.

Inventory:

Hand Weapons
 a - a +0 war axe (weapon)
Armour
 b - a +0 scale mail (worn)
 c - a +0 shield (worn)
Wands
 r - a wand of digging (13)
Scrolls
 k - a scroll of blinking
 m - 2 scrolls of torment {unknown}
 n - 2 scrolls of identify {unknown}
 o - a scroll of enchant weapon {unknown}
 p - 2 scrolls of remove curse
Potions
 d - a potion of might
 h - a potion of haste
 i - 2 potions of magic
 l - 2 potions of mutation {unknown}
 q - a potion of flight {unknown}
Comestibles
 f - 4 rations


   Skills:
 + Level 12.5 Fighting
 + Level 19.8 Axes
 + Level 12.5 Armour
 - Level 2.4 Dodging
 + Level 6.3 Stealth
 + Level 11.1 Shields


You had 9 spell levels left.
You didn't know any spells.
Your spell library contained the following spells:

 Spells                   Type           Power        Failure   Level  Hunger
 Animate Skeleton         Necr           N/A          80%         1    ##.....
 Apportation              Tloc           #.....       80%         1    ##.....
 Confusing Touch          Hex            #.....       80%         1    ##.....
 Summon Small Mammal      Summ           #...         80%         1    ##.....


Dungeon Overview and Level Annotations

Branches:
Dungeon (1/1)

Altars:
Dithmenos
Elyvilon
Kikubaaqudgha
Okawaru
Ru
Sif Muna
Trog
Uskayaw
Vehumet
Wu Jian
Yredelemnul
Zin
The Shining One
Beogh

Annotations:
D Edmund


Message History

* * * LOW HITPOINT WARNING * * *
You feel yourself speed up. You block Edmund's attack.
Edmund unwields an uncursed great mace of freezing.
Edmund wields an uncursed blowgun.
Edmund shoots a curare-tipped needle.
The curare-tipped needle hits you.
You are poisoned.
You have difficulty breathing.
* * * LOW HITPOINT WARNING * * *
You feel as though you will be slow longer.
You see here a curare-tipped needle.
Okay, then.
A red film seems to cover your vision as you go berserk!
You feel yourself moving faster!
You feel mighty!
You feel sick.
Edmund shoots a curare-tipped needle.
You block the curare-tipped needle.
You feel a strong urge to attack something.
You feel sick.
Edmund unwields an uncursed blowgun.
Edmund wields an uncursed great mace of freezing.
It glows with a cold blue light!
Edmund hits you with an uncursed great mace of freezing.
You die...

)#+#####################
.#....#.#.#...).#....^.+
.##.#..#.##)###)#......#
.'##.#.#.##.#..##......#
.#...#..#..##..'.......#
▓▓▓▓▓▓▓▓▓▓▓▓▓▓▓#.......#
#.......# +(......#
#@).....# ##@###### ..+
..# ..# ###


You could see Edmund.

Vanquished Creatures
  Sigmund (D)
  Erolcha (D)
  A deep elf mage (D)
  2 redbacks (D)
  A shadow (D)
  A necrophage (D)
  5 two-headed ogres (D)
  A water elemental (D)
  A scorpion (D)
  A jelly (D)
  A wizard (D)
  A necromancer (D)
  3 humans (D)
  A kobold demonologist (D)
  2 oozes (D)
  2 rats (D)
25 creatures vanquished.

Vanquished Creatures (others)
  2 draconian scorchers (D)
  6 hellions (D)
  2 yaktaurs (D)
10 creatures vanquished.

Grand Total: 35 creatures vanquished

Notes
Turn   | Place    | Note
-------+----------+-------------------------------------------
     0 | D        | MuseOD the Hill Orc Fighter began the quest for the Orb.
     0 | D        | Reached XP level 1. HP: 19/19 MP: 1/1
     6 | D        | Reached skill level 3 in Axes
     7 | D        | Reached XP level 2. HP: 25/28 MP: 2/2
    11 | D        | Killed a yaktaur
    59 | D        | Killed a yaktaur
    73 | D        | Reached skill level 5 in Fighting
    73 | D        | Reached skill level 4 in Axes
    73 | D        | Reached XP level 3. HP: 16/36 MP: 3/3
   145 | D        | Killed a hellion
   145 | D        | Killed a hellion
   145 | D        | Killed a hellion
   146 | D        | Killed a hellion
   146 | D        | Killed a hellion
   148 | D        | Killed a hellion
   199 | D        | Killed a white draconian scorcher
   248 | D        | Killed a white draconian scorcher
   300 | D        | Noticed a scorpion
   313 | D        | Killed a scorpion
   313 | D        | Reached skill level 6 in Axes
   313 | D        | Reached skill level 5 in Armour
   313 | D        | Reached skill level 5 in Shields
   313 | D        | Reached XP level 4. HP: 42/44 MP: 4/4
   351 | D        | Noticed a water elemental
   543 | D        | HP: 1/44 [water elemental (14)]
   545 | D        | Killed a water elemental
   545 | D        | Reached skill level 8 in Axes
   545 | D        | Reached XP level 5. HP: 1/51 MP: 5/5
   841 | D        | Found a hide-covered altar of Uskayaw.
   841 | D        | Found a roughly hewn altar of Beogh.
   841 | D        | Found an iron altar of Okawaru.
   841 | D        | Found a bloodstained altar of Trog.
   841 | D        | Found an ornate altar of the Wu Jian Council.
   841 | D        | Noticed a human
   841 | D        | Noticed a human
   851 | D        | Killed a human
   851 | D        | Reached skill level 11 in Axes
   851 | D        | Reached skill level 1 in Dodging
   851 | D        | Reached XP level 6. HP: 60/60 MP: 6/6
   855 | D        | Killed a human
   855 | D        | Reached skill level 12 in Axes
   855 | D        | Reached skill level 1 in Stealth
   887 | D        | Became a worshipper of Beogh the Brigand
   912 | D        | Found a basalt altar of Yredelemnul.
   912 | D        | Found a shadowy altar of Dithmenos.
   912 | D        | Found a sacrificial altar of Ru.
   912 | D        | Noticed a necrophage
   919 | D        | Killed a necrophage
   919 | D        | Reached skill level 13 in Axes
   919 | D        | Reached XP level 7. HP: 58/68 MP: 7/7
  1123 | D        | Found a radiant altar of Vehumet.
  1124 | D        | Found a deep blue altar of Sif Muna.
  1124 | D        | Found an ancient bone altar of Kikubaaqudgha.
  1126 | D        | Reached * piety under Beogh
  1129 | D        | Noticed a chaos spawn
  1216 | D        | Found a glowing silver altar of Zin.
  1216 | D        | Found a glowing golden altar of the Shining One.
  1216 | D        | Found a white marble altar of Elyvilon.
  1216 | D        | Noticed a deep elf mage
  1226 | D        | Killed a deep elf mage
  1226 | D        | Reached skill level 15 in Axes
  1226 | D        | Reached XP level 8. HP: 36/77 MP: 8/8
  1429 | D        | Noticed a shadow
  1433 | D        | Reached ** piety under Beogh
  1435 | D        | Killed a shadow
  1466 | D        | Reached skill level 16 in Axes
  1494 | D        | Reached *** piety under Beogh
  1543 | D        | Noticed a two-headed ogre
  1556 | D        | Killed a two-headed ogre
  1556 | D        | Reached skill level 17 in Axes
  1715 | D        | Noticed Erolcha
  1715 | D        | Noticed a two-headed ogre
  1731 | D        | Killed Erolcha
  1731 | D        | Reached skill level 10 in Fighting
  1731 | D        | Reached skill level 18 in Axes
  1731 | D        | Reached skill level 10 in Armour
  1731 | D        | Reached XP level 9. HP: 41/84 MP: 9/9
  1867 | D        | Killed a two-headed ogre
  2036 | D        | Reached **** piety under Beogh
  2321 | D        | Noticed Edmund
  2323 | D        | Noticed Sigmund
  2333 | D        | HP: 3/86 [Edmund/uncursed great mace of freezing (5)]
  2336 | D        | Killed Sigmund
  2336 | D        | Reached skill level 19 in Axes
  2336 | D        | Reached XP level 10. HP: 20/99 MP: 10/10
  2346 | D        | HP: 4/99 [asphyx]
  2348 | D        | Slain by Edmund

Skill      XL: |  1  2  3  4  5  6  7  8  9 |
---------------+----------------------------+-----
Fighting       | 4 5 6 7 8 9 10 12 | 12.5
Axes           | 3 4 6 8 11 13 15 18 19 | 19.8
Armour         | 4 5 6 7 8 10 12 | 12.5
Shields        | 4 5 6 7 8 11 | 11.1
Dodging        | 1 2 |  2.4
Stealth        | 1 2 6 |  6.3

Action                   |  1- 3 |  4- 6 |  7- 9 | 10-12 || total
-------------------------+-------+-------+-------+-------++-------
Melee: War axe           |    34 |    25 |    96 |     7 ||   162
  Use: Potion            |       |     1 |     3 |     3 ||     7
  Eat: Chunk             |       |       |     4 |       ||     4
Armor: Scale mail        |    14 |     5 |     7 |     2 ||    28
Dodge: Dodged            |    13 |     5 |    26 |     1 ||    45
Block: Shield            |    14 |     9 |    43 |     3 ||    69
